 Dungeon Crawl Stone Soup version 0.22-a0-322-g60b3cfd (webtiles) character file.

34323 xccam the Protected (level 13, -1/101 HPs)
             Began as a Gnoll Wanderer on Apr 4, 2018.
             Was a High Priest of Cheibriados.
             Slain by a red draconian
             ... wielding a +0 flail of flaming
              (19 damage)
             ... in a volcano.
             The game lasted 00:35:53 (14191 turns).

xccam the Protected (Gnoll Wanderer)               Turns: 14191, Time: 00:35:53

Health: -1/101     AC: 14    Str: 32    XL:     13   Next: 76%
Magic:  20/25      EV: 18    Int: 26    God:    Cheibriados [*****.]
Gold:   356        SH: 20    Dex: 27    Spells: 24/28 levels left

rFire    + . .     SeeInvis .   s - +7 demon trident
rCold    . . .     Gourm    .   j - +0 large shield {AC+3}
rNeg     . . .     Faith    .   S - +0 robe {rF+}
rPois    .         Spirit   .   i - +2 hat {MR+}
rElec    .         Reflect  .   o - +1 cloak
rCorr    +         Harm     .   (no gloves)
MR       +....                  p - +0 pair of boots
Stlth    +++++.....             (no amulet)
HPRegen  0.26/turn              v - +3 ring of protection
MPRegen  0.19/turn              g - ring of resist corrosion

@: very slow
A: distributed training, fangs 1, strong nose
a: Bend Time, Temporal Distortion, Slouch, Step From Time, Renounce Religion


You were in a volcano.
You worshipped Cheibriados.
Cheibriados was extremely pleased with you.
You were not hungry.

You visited 3 branches of the dungeon, and saw 16 of its levels.
You also visited: Volcano.

You collected 928 gold pieces.
You spent 572 gold pieces at shops.

Inventory:

Hand Weapons
 e - a +3 long sword
 k - a +0 morningstar
 s - a +7 demon trident (weapon)
 y - a +0 arbalest of freezing
 N - a +1 flail of protection
Missiles
 c - 5 javelins (quivered)
 d - 78 bolts
Armour
 i - a +2 hat of magic resistance (worn)
 j - a +0 large shield of protection (worn)
 o - a +1 cloak (worn)
 p - a +0 pair of boots (worn)
 M - a +0 plate armour
 S - a +0 robe of fire resistance (worn)
Magical Staves
 q - an uncursed staff of cold
 L - an uncursed staff of power
Jewellery
 g - a ring of resist corrosion (right hand)
 v - a +3 ring of protection (left hand)
 D - a +1 ring of evasion
 G - an uncursed ring of ice
 Q - a +4 ring of dexterity
Wands
 a - a wand of flame (62)
 B - a wand of acid (6)
 E - a wand of scattershot (2)
 J - a wand of disintegration (4)
 O - a wand of paralysis (10)
 P - a wand of iceblast (8)
Scrolls
 b - 3 scrolls of teleportation
 n - a scroll of identify
 x - 4 scrolls of fog
 C - 6 scrolls of remove curse
 K - 4 scrolls of amnesia
 R - a scroll of enchant armour
Potions
 h - 2 potions of heal wounds
 l - 2 potions of brilliance
 m - 3 potions of magic
 r - a potion of invisibility {unknown}
 t - 8 potions of curing
 u - 2 potions of flight {unknown}
 w - 3 potions of lignification
 z - a potion of ambrosia {unknown}
 A - 2 potions of agility
 F - a potion of resistance {unknown}
 H - 2 potions of degeneration {unknown}
 I - a potion of cancellation {unknown}
 T - a potion of mutation {unknown}
Comestibles
 f - 26 rations


   Skills:
 + Level 9.6 Fighting
 + Level 8.4 Short Blades
 + Level 8.4 Long Blades
 + Level 8.4 Axes
 + Level 8.9 Maces & Flails
 + Level 8.4 Polearms
 + Level 8.4 Staves
 + Level 8.4 Slings
 + Level 8.4 Bows
 + Level 9.6 Crossbows
 + Level 8.4 Throwing
 + Level 10.6 Armour
 + Level 8.4 Dodging
 + Level 8.8 Stealth
 + Level 8.4 Shields
 + Level 8.4 Unarmed Combat
 + Level 8.4 Spellcasting
 + Level 7.0 Conjurations
 + Level 7.0 Hexes
 + Level 7.0 Charms
 + Level 7.0 Summonings
 + Level 7.0 Necromancy
 + Level 7.0 Translocations
 + Level 7.0 Transmutations
 + Level 7.0 Fire Magic
 + Level 7.0 Ice Magic
 + Level 7.0 Air Magic
 + Level 7.0 Earth Magic
 + Level 7.0 Poison Magic
 + Level 9.2 Invocations
 + Level 8.9 Evocations


You had 24 spell levels left.
You knew the following spells:

 Your Spells              Type           Power        Failure   Level  Hunger
a - Apportation           Tloc           #####.       2%          1    None
b - Regeneration          Chrm/Necr      #####.....   8%          3    None


Dungeon Overview and Level Annotations

Branches:
Dungeon (11/15)            Temple (1/1) D:4            Lair (4/6) D:10
  Snake (0/4) Lair:3          Orc (0/2) D:10
  Swamp: Lair:2-4    Shoals: Lair:2-4

Altars:
Ashenzari
Cheibriados
Fedhas
Gozag
Hepliaklqana
Kikubaaqudgha
Makhleb
Nemelex Xobeh
Okawaru
Qazlal
Ru
Sif Muna
Trog
Uskayaw
Vehumet
Wu Jian
Xom
Yredelemnul
Zin
The Shining One

Shops:
D:4 ?   D:7 (

Portals:
Trove: D:10 (give +4 demon blade)


Innate Abilities, Weirdness & Mutations

Your experience applies equally to all skills.
You have very sharp teeth.
Your uncanny sense of smell can sniff out nearby items.


Message History

Unknown command.
You close the large door, pushing everything out of the way.
You start resting.
A two-headed ogre opens the door.
It is wielding a giant club of flaming and a great mace of flaming.
You can feel time thicken for a moment.
You feel somewhat more hungry.
Cheibriados lowers the support of your attributes as your movement quickens.
Unknown command.
You hit the two-headed ogre. You bite the two-headed ogre.
The two-headed ogre is moderately wounded.
The two-headed ogre hits you with a giant club of flaming!
The two-headed ogre burns you. You block the two-headed ogre's attack.
You puncture the two-headed ogre!
The two-headed ogre is severely wounded.
The two-headed ogre misses you.
The two-headed ogre hits you with a great mace of flaming!
* * * LOW HITPOINT WARNING * * *
The two-headed ogre burns you.
* * * LOW HITPOINT WARNING * * *
The red draconian hits you with a flail of flaming!!
You die...

§§ #..'.$.$.+
≈≈§##.O'.._..+
≈§§#...#.....#
§§≈#...#######
≈≈≈#...+[$.$$+
§≈≈#...#..≈..#
#...#8≈≈≈8#
#.)O@.≈..+
#..d†....+
§##)#8...8# ≈
≈≈###..)..###≈≈
#≈≈§≈≈.....§≈≈≈≈
##≈≈≈§8...8≈§≈§≈
###≈≈.....§≈§§≈
#≈§.....≈≈§##
##≈8.§§8§§≈#


You could see a red draconian and a two-headed ogre.

Vanquished Creatures
  Gastronok (Lair:2)
  Fannar (D:11)
  2 hydras
  2 catoblepae (Lair:3)
  An ogre mage (Volcano)
  5 two-headed ogres
  2 death yaks (Lair:3)
  Urug (Lair:3)
  An unseen horror (D:11)
  2 black mambas
  4 elephants
  Joseph (D:8)
  4 spiny frogs
  A centaur skeleton (D:11)
  2 kobold demonologists
  A komodo dragon (Lair:1)
  2 gargoyles (D:10)
  A polar bear (Lair:2)
  2 trolls
  4 blink frogs (Lair:1)
  6 hippogriffs
  A dream sheep (Lair:3)
  Sigmund (D:4)
  34 yaks
  A shadow (D:11)
  3 wyverns
  4 basilisks
  3 hungry ghosts
  A steam dragon (D:10)
  2 nagas (Lair:3)
  2 wargs (D:10)
  2 hell hounds (D:10)
  8 water moccasins
  A porcupine (Lair:1)
  An orc warrior (D:9)
  2 sky beasts
  4 phantoms
  3 ice beasts
  An eye of draining (D:9)
  3 ogres
  A necrophage (D:10)
  12 wolves
  7 crocodiles
  2 centaurs
  7 bullfrogs
  13 big kobolds
  A wyvern skeleton (D:10)
  3 scorpions
  17 wights
  An electric eel (D:11)
  3 howler monkeys (D:10)
  2 bullfrog zombies
  3 crimson imps
  2 centaur zombies
  A quasit (D:5)
  5 hounds
  Crazy Yiuf (D:2)
  3 jellies
  5 orc priests
  Natasha (D:4)
  Jessica (D:2)
  A bullfrog skeleton (D:11)
  3 iguanas
  12 orc wizards
  12 worker ants
  A hound zombie (D:7)
  A hound skeleton (D:7)
  A howler monkey zombie (D:6)
  A worker ant zombie (D:8)
  Robin (D:2)
  8 adders
  7 gnolls
  3 shadow imps
  2 oozes
  An adder zombie (D:9)
  4 adder skeletons
  3 worms
  A dart slug (D:4)
  6 leopard geckos
  50 orcs
  A ball python (D:5)
  4 giant cockroaches
  12 goblins
  8 hobgoblins
  7 quokkas
  7 bats
  4 frilled lizards
  16 kobolds
  A quokka skeleton (D:4)
  2 rats (D:3)
  2 fungi
396 creatures vanquished.

Vanquished Creatures (others)
  A hound (D:4)
1 creature vanquished.

Grand Total: 397 creatures vanquished

Notes
Turn   | Place    | Note
-------+----------+-------------------------------------------
     0 | D:1      | xccam the Gnoll Wanderer began the quest for the Orb.
     0 | D:1      | xccam set off with: a +2 scale mail, a scroll of teleportation, a +0 hand crossbow, 23 bolts, a ration
     0 | D:1      | Reached XP level 1. HP: 20/20 MP: 2/2
    80 | D:1      | Reached XP level 2. HP: 26/26 MP: 3/3
   484 | D:2      | Reached XP level 3. HP: 24/31 MP: 4/4
   517 | D:2      | Noticed Jessica
   518 | D:2      | Killed Jessica
   518 | D:2      | Reached skill level 1 in Invocations
   581 | D:2      | Reached skill level 1 in Short Blades
   581 | D:2      | Reached skill level 1 in Long Blades
   581 | D:2      | Reached skill level 1 in Axes
   581 | D:2      | Reached skill level 1 in Polearms
   581 | D:2      | Reached skill level 1 in Staves
   581 | D:2      | Reached skill level 1 in Slings
   581 | D:2      | Reached skill level 1 in Bows
   581 | D:2      | Reached skill level 1 in Throwing
   581 | D:2      | Reached skill level 1 in Dodging
   581 | D:2      | Reached skill level 1 in Shields
   581 | D:2      | Reached skill level 1 in Unarmed Combat
   581 | D:2      | Reached skill level 1 in Spellcasting
   584 | D:2      | Noticed Robin
   593 | D:2      | Killed Robin
   593 | D:2      | Reached XP level 4. HP: 38/38 MP: 6/6
   804 | D:2      | Reached skill level 1 in Conjurations
   804 | D:2      | Reached skill level 1 in Hexes
   804 | D:2      | Reached skill level 1 in Charms
   804 | D:2      | Reached skill level 1 in Summonings
   804 | D:2      | Reached skill level 1 in Necromancy
   804 | D:2      | Reached skill level 1 in Translocations
   804 | D:2      | Reached skill level 1 in Transmutations
   804 | D:2      | Reached skill level 1 in Fire Magic
   804 | D:2      | Reached skill level 1 in Ice Magic
   804 | D:2      | Reached skill level 1 in Air Magic
   804 | D:2      | Reached skill level 1 in Earth Magic
   804 | D:2      | Reached skill level 1 in Poison Magic
  1046 | D:2      | Found a runed door.
  1050 | D:2      | Noticed Crazy Yiuf
  1058 | D:2      | Killed Crazy Yiuf
  1058 | D:2      | Reached XP level 5. HP: 10/43 MP: 4/7
  2058 | D:4      | Found Mopon's Magic Scroll Shop.
  2084 | D:4      | Reached XP level 6. HP: 49/50 MP: 8/8
  2111 | D:4      | Reached skill level 5 in Fighting
  2111 | D:4      | Reached skill level 5 in Crossbows
  2307 | D:4      | Noticed Sigmund
  2315 | D:4      | Killed Sigmund
  2315 | D:4      | Reached skill level 7 in Armour
  2315 | D:4      | Reached XP level 7. HP: 55/56 MP: 10/10
  2335 | D:4      | Found a shimmering altar of Xom.
  2340 | D:4      | Found a staircase to the Ecumenical Temple.
  2384 | Temple   | Entered the Ecumenical Temple
  2454 | Temple   | Became a worshipper of Cheibriados the Contemplative
  2539 | D:4      | Noticed Natasha
  2543 | D:4      | Killed Natasha
  2818 | D:4      | Found a blossoming altar of Fedhas.
  3223 | D:5      | Entered Level 5 of the Dungeon
  3305 | D:5      | Reached * piety under Cheibriados
  3330 | D:5      | Reached XP level 8. HP: 54/63 MP: 12/12
  4104 | D:6      | Noticed a yak
  4106 | D:6      | Noticed a yak
  4110 | D:6      | Noticed a yak
  4114 | D:6      | Killed a yak
  4115 | D:6      | Killed a yak
  4131 | D:6      | HP: 3/64 [yak (7)]
  4134 | D:6      | Killed a yak
  4134 | D:6      | Reached ** piety under Cheibriados
  4134 | D:6      | Reached XP level 9. HP: 11/69 MP: 14/14
  5231 | D:7      | Found an ancient bone altar of Kikubaaqudgha.
  5251 | D:7      | Found Umax's Weapon Boutique.
  5494 | D:7      | Found a sacrificial altar of Ru.
  5499 | D:7      | Reached skill level 5 in Maces & Flails
  5499 | D:7      | Reached skill level 5 in Evocations
  5667 | D:7      | Reached *** piety under Cheibriados
  5774 | D:8      | Noticed a two-headed ogre
  5804 | D:8      | Noticed Joseph
  6061 | D:8      | Reached skill level 5 in Stealth
  6079 | D:8      | Killed a two-headed ogre
  6079 | D:8      | Reached skill level 8 in Armour
  6079 | D:8      | Reached skill level 5 in Invocations
  6096 | D:8      | Reached XP level 10. HP: 61/77 MP: 17/17
  6188 | D:8      | Found a burning altar of Makhleb.
  6237 | D:8      | Killed Joseph
  6237 | D:8      | Reached skill level 5 in Short Blades
  6237 | D:8      | Reached skill level 5 in Long Blades
  6237 | D:8      | Reached skill level 5 in Axes
  6237 | D:8      | Reached skill level 5 in Polearms
  6237 | D:8      | Reached skill level 5 in Staves
  6237 | D:8      | Reached skill level 5 in Slings
  6237 | D:8      | Reached skill level 5 in Bows
  6237 | D:8      | Reached skill level 5 in Throwing
  6237 | D:8      | Reached skill level 5 in Dodging
  6237 | D:8      | Reached skill level 5 in Shields
  6237 | D:8      | Reached skill level 5 in Unarmed Combat
  6237 | D:8      | Reached skill level 5 in Spellcasting
  6609 | D:8      | Found a sparkling altar of Nemelex Xobeh.
  6675 | D:8      | Found an iron altar of Okawaru.
  6676 | D:8      | Found a sparkling altar of Nemelex Xobeh.
  7002 | D:9      | Found a basalt altar of Yredelemnul.
  7021 | D:9      | Reached **** piety under Cheibriados
  8070 | D:10     | Entered Level 10 of the Dungeon
  8111 | D:10     | Found a staircase to the Lair.
  8282 | D:10     | Found a portal to a secret trove of treasure.
  8353 | D:10     | Reached XP level 11. HP: 73/84 MP: 19/19
  8359 | D:10     | Noticed a two-headed ogre
  8361 | D:10     | Reached ***** piety under Cheibriados
  8368 | D:10     | Killed a two-headed ogre
  8391 | D:10     | Found a staircase to the Orcish Mines.
  8542 | D:10     | Reached skill level 9 in Armour
  8607 | D:10     | Reached skill level 5 in Conjurations
  8607 | D:10     | Reached skill level 5 in Hexes
  8607 | D:10     | Reached skill level 5 in Charms
  8607 | D:10     | Reached skill level 5 in Summonings
  8607 | D:10     | Reached skill level 5 in Necromancy
  8607 | D:10     | Reached skill level 5 in Translocations
  8607 | D:10     | Reached skill level 5 in Transmutations
  8607 | D:10     | Reached skill level 5 in Fire Magic
  8607 | D:10     | Reached skill level 5 in Ice Magic
  8607 | D:10     | Reached skill level 5 in Air Magic
  8607 | D:10     | Reached skill level 5 in Earth Magic
  8607 | D:10     | Reached skill level 5 in Poison Magic
  8618 | D:10     | Noticed a two-headed ogre
  8631 | D:10     | Killed a two-headed ogre
  9368 | D:11     | Killed an unseen horror
  9598 | D:11     | Reached XP level 12. HP: 93/93 MP: 22/22
  9661 | D:11     | Noticed a two-headed ogre
  9665 | D:11     | Killed a two-headed ogre
  9708 | D:11     | Reached ****** piety under Cheibriados
  9736 | D:11     | Learned a level 1 spell: Apportation
  9755 | D:11     | Noticed a four-headed hydra
  9766 | D:11     | Killed a four-headed hydra
  9923 | D:11     | Noticed Fannar
  9950 | D:11     | Killed Fannar
 10218 | D:4      | Bought a scroll of acquirement for 572 gold pieces
 10377 | Lair:1   | Entered Level 1 of the Lair of Beasts
 10935 | Lair:1   | Learned a level 3 spell: Regeneration
 11539 | Lair:2   | Noticed Gastronok
 11562 | Lair:2   | Killed Gastronok
 11562 | Lair:2   | Reached skill level 10 in Armour
 12200 | Lair:2   | Reached XP level 13. HP: 101/101 MP: 24/24
 12551 | Lair:3   | Noticed Urug
 12552 | Lair:3   | Found a staircase to the Snake Pit.
 12569 | Lair:3   | Killed Urug
 13062 | Lair:3   | Found an ancient bone altar of Kikubaaqudgha.
 14129 | Lair:4   | Found a dark tunnel.
 14138 | Volcano  | Entered a volcano
 14174 | Volcano  | Found a burning altar of Makhleb.
 14182 | Volcano  | Noticed a red draconian
 14191 | Volcano  | Slain by a red draconian

Vault maps used:
D:1:      dpeg_arrival_connections
D:2:      uniq_crazy_yiuf_cottage, uniq_robin, uniq_jessica
D:4:      fedhas_altar_3, xom_confusion_cloud, temple_statues, serial_shops,
          shop, wad_orctagon, uniq_natasha, uniq_sigmund
D:5:      first_ration
D:7:      kennysheep_mini, kiku_gazebo_pond_becter, serial_shops, shop
D:8:      old_standard_altar, gammafunk_temple_overflow_pools,
          nemelex_dance_club_becter, uniq_joseph
D:9:      nicolae_overflow_crystal_walls
D:10:     minmay_lair_entry_lava, minmay_orc_entry_guard_dogs, enter_trove_1,
          special_room
D:11:     cheibrodos_helix_gallery, uniq_fannar
Temple:   zaba_magenta_temple
Lair:2:   beast_lair_carwin_large_1, ldierk_geyser, uniq_gastronok
Lair:3:   guppyfry_snake_entry_garden, basic_altar,
          hangedman_lair_generics_rect, uniq_urug
Lair:4:   shoals_dummy_entry, enter_volcano_1
Volcano:  kennysheep_volcano_temple

Skill      XL: |  1  2  3  4  5  6  7  8  9 10 11 12 13 |
---------------+----------------------------------------+-----
Invocations    | 1 2 3 4 5 6 7 8 9 |  9.2
Short Blades   | 1 2 3 4 5 6 7 8 |  8.4
Long Blades    | 1 2 3 4 5 6 7 8 |  8.4
Axes           | 1 2 3 4 5 6 7 8 |  8.4
Polearms       | 1 2 3 4 5 6 7 8 |  8.4
Staves         | 1 2 3 4 5 6 7 8 |  8.4
Slings         | 1 2 3 4 5 6 7 8 |  8.4
Bows           | 1 2 3 4 5 6 7 8 |  8.4
Throwing       | 1 2 3 4 5 6 7 8 |  8.4
Dodging        | 1 2 3 4 5 6 7 8 |  8.4
Shields        | 1 2 3 4 5 6 7 8 |  8.4
Unarmed Combat | 1 2 3 4 5 6 7 8 |  8.4
Spellcasting   | 1 2 3 4 5 6 7 8 |  8.4
Conjurations   | 1 2 3 4 5 6 7 |  7.0
Hexes          | 1 2 3 4 5 6 7 |  7.0
Charms         | 1 2 3 4 5 6 7 |  7.0
Summonings     | 1 2 3 4 5 6 7 |  7.0
Necromancy     | 1 2 3 4 5 6 7 |  7.0
Translocations | 1 2 3 4 5 6 7 |  7.0
Transmutations | 1 2 3 4 5 6 7 |  7.0
Fire Magic     | 1 2 3 4 5 6 7 |  7.0
Ice Magic      | 1 2 3 4 5 6 7 |  7.0
Air Magic      | 1 2 3 4 5 6 7 |  7.0
Earth Magic    | 1 2 3 4 5 6 7 |  7.0
Poison Magic   | 1 2 3 4 5 6 7 |  7.0
Maces & Flails | 3 4 5 6 7 8 |  8.9
Evocations     | 3 4 5 6 7 8 |  8.9
Fighting       | 5 6 7 8 9 |  9.6
Crossbows      | 5 6 7 8 9 |  9.6
Stealth        | 3 4 5 6 7 8 |  8.8
Armour         | 7 8 9 10 | 10.6

Action                   |  1- 3 |  4- 6 |  7- 9 | 10-12 | 13-15 || total
-------------------------+-------+-------+-------+-------+-------++-------
Melee: Whip              |       |    56 |       |       |       ||    56
       Bite              |       |    13 |    35 |   160 |    59 ||   267
       Hand axe          |       |    55 |     4 |       |       ||    59
       Hand crossbow     |       |     1 |       |       |       ||     1
       Long sword        |       |       |    90 |   196 |       ||   286
       War axe           |       |       |    43 |       |       ||    43
       Punch             |       |       |     6 |    36 |       ||    42
       Flail             |       |       |       |   473 |    96 ||   569
       Demon trident     |       |       |       |       |   140 ||   140
 Fire: Hand crossbow     |    77 |    56 |   229 |    45 |       ||   407
       Arbalest          |       |       |       |    73 |       ||    73
Throw: Javelin           |       |       |       |       |     2 ||     2
Invok: Slouch            |       |       |       |     2 |     5 ||     7
       Step From Time    |       |       |       |       |     1 ||     1
Evoke: Wand              |       |       |       |    14 |     7 ||    21
  Use: Potion            |       |       |     2 |     1 |     1 ||     4
       Scroll            |       |       |     8 |    11 |     3 ||    22
 Stab: Sleeping          |       |       |       |     2 |     1 ||     3
       Distracted        |       |       |       |     2 |       ||     2
  Eat: Chunk             |       |     4 |     9 |    10 |     3 ||    26
       Ration            |       |       |       |     3 |     1 ||     4
Armor: Scale mail        |    27 |    63 |   156 |    54 |       ||   300
       Skin              |       |       |     2 |       |       ||     2
       Plate armour      |       |       |       |   378 |   158 ||   536
Dodge: Dodged            |    22 |    59 |   173 |   609 |   140 ||  1003
Block: Large shield      |       |       |       |    22 |   400 ||   422
       Rpst.: Long sword |       |       |    23 |    38 |       ||    61

Table legend:
 A = Spawn XP
 B = Non-spawn XP
 C = Spawn XP percentage of total XP
 D = Spawn monster count
 E = Non-spawn monster count
 F = Spawn count percentage of total count
 G = Total turns spent on level
                    A         B        C        D         E        F      G
               +---------+---------+-------+---------+---------+-------+---------
         Total |       0 |   49033 |   0.0 |       0 |     394 |   0.0 | 14191
               +---------+---------+-------+---------+---------+-------+---------
           D:1 |       0 |      24 |   0.0 |       0 |      11 |   0.0 |   389
           D:2 |       0 |     178 |   0.0 |       0 |      22 |   0.0 |  1003
           D:3 |       0 |      91 |   0.0 |       0 |      27 |   0.0 |   666
           D:4 |       0 |     655 |   0.0 |       0 |      31 |   0.0 |  1178
           D:5 |       0 |     768 |   0.0 |       0 |      24 |   0.0 |   814
           D:6 |       0 |    1389 |   0.0 |       0 |      27 |   0.0 |  1206
           D:7 |       0 |     286 |   0.0 |       0 |      10 |   0.0 |   917
           D:8 |       0 |    2804 |   0.0 |       0 |      18 |   0.0 |   833
           D:9 |       0 |    2483 |   0.0 |       0 |      42 |   0.0 |  1238
          D:10 |       0 |    7025 |   0.0 |       0 |      61 |   0.0 |  1319
          D:11 |       0 |    7163 |   0.0 |       0 |      33 |   0.0 |   726
        Lair:1 |       0 |    4696 |   0.0 |       0 |      19 |   0.0 |  1107
        Lair:2 |       0 |    6364 |   0.0 |       0 |      24 |   0.0 |   899
        Lair:3 |       0 |   12662 |   0.0 |       0 |      40 |   0.0 |  1629
        Lair:4 |       0 |     657 |   0.0 |       0 |       3 |   0.0 |   126
       Volcano |       0 |    1788 |   0.0 |       0 |       2 |   0.0 |    53
               +---------+---------+-------+---------+---------+-------+---------
